AoeStats
← gooner

Arena

507372988Analyzed
2v2 RM · 15d ago on Sep 17, 2026· 82m 19s· 4 players
Game mode
Random Map
Map size
Medium (4 player)
Population
200
Speed
Normal
Resources
Standard
Victory
Conquest
Starting age
Dark Age
Ending age
Imperial Age
RankedLock teamsTeams togetherTeam positionsShared explorationLock speedFull tech treeHidden civsTurbo modeCheats
Victory
Defeat
🇮🇳 Spanish · India
688
+19
🇮🇳 Goths · India
687
+19
🇩🇪 Franks · Germany
746
-47
🇩🇪 Poles · Germany
746
-47
Franzlax
11:11 Feudal Age
15:35 Castle Age
13:44 Double-Bit Axe
18:39 Scale Barding Armor
18:38 Light Cavalry
19:55 Loom
20:26 Bow Saw
22:13 Wheelbarrow
24:38 Chain Barding Armor
25:36 Husbandry
25:52 Forging
25:34 Fletching
29:08 Caravan
29:45 Hand Cart
29:35 Pikeman
30:15 Squires
33:29 Devotion
33:40 Fervor
34:49 Bodkin Arrow
35:30 Iron Casting
34:59 Padded Archer Armor
37:44 Imperial Age
35:43 #83
36:05 Ballistics
35:42 Murder Holes
35:13 Elite Skirmisher
36:21 Masonry
37:59 Cavalier
39:19 Plate Barding Armor
39:45 Blast Furnace
38:50 Chivalry
39:12 Conscription
38:51 Elite Throwing Axeman
40:33 Leather Archer Armor
40:19 Scale Mail Armor
44:17 Chemistry
43:03 Arrowslits
43:49 Architecture
43:24 Siege Engineers
43:13 Guard Tower
44:01 Faith
44:50 Paladin
49:53 Gold Mining
49:53 Stone Mining
49:30 Heavy Cavalry Archer
50:36 Fortified Wall
51:03 Hoardings
55:00 Gold Shaft Mining
74:33 Halberdier
74:59 Gambesons
75:00 Arson
Parrot_
11:56 Feudal Age
13:29 Double-Bit Axe
16:58 Castle Age
19:02 Wheelbarrow
18:55 Bow Saw
18:27 Horse Collar
24:20 Heavy Plow
24:44 Stone Mining
25:44 Hand Cart
27:03 Scale Barding Armor
27:09 Forging
27:12 Light Cavalry
28:03 Bloodlines
31:40 Szlachta Privileges
34:29 Imperial Age
34:53 Padded Archer Armor
34:44 Fletching
34:55 Scale Mail Armor
35:33 Iron Casting
36:16 Conscription
36:21 Lechitic Legacy
36:47 Crop Rotation
36:17 Gold Mining
38:58 Chain Barding Armor
39:39 Blast Furnace
38:56 Leather Archer Armor
38:55 Winged Hussar
39:33 Heavy Cavalry Archer
47:50 Chemistry
47:16 Ballistics
49:51 Caravan
51:02 Bombard Tower
50:23 Elite Obuch
52:35 Theocracy
52:22 Sanctity
52:44 Cavalier
53:26 Husbandry
gooner
10:55 Feudal Age
11:25 Loom
11:32 Double-Bit Axe
19:57 Castle Age
18:12 Stone Mining
19:10 Forging
19:13 Gold Mining
19:05 Horse Collar
21:24 Pikeman
22:37 Squires
23:37 Heavy Plow
26:31 Bloodlines
28:37 Bow Saw
28:39 Inquisition
29:50 Scale Barding Armor
29:47 Padded Archer Armor
29:37 Fletching
30:55 Thumb Ring
32:27 Iron Casting
31:47 Bodkin Arrow
32:01 Husbandry
33:36 Chain Barding Armor
33:32 Leather Archer Armor
34:27 Wheelbarrow
38:08 Imperial Age
36:24 Arson
36:02 Elite Skirmisher
37:15 Scale Mail Armor
38:23 Stone Shaft Mining
38:14 Elite Conquistador
38:19 Halberdier
39:20 Bracer
39:51 Ring Archer Armor
40:08 Hand Cart
40:55 Ballistics
41:18 Conscription
42:03 Chemistry
42:22 Two-Man Saw
43:21 Hoardings
43:51 Blast Furnace
43:26 Plate Barding Armor
42:53 Gambesons
44:11 Cavalier
45:17 Supremacy
49:08 Paladin
50:05 Town Watch
50:38 Masonry
50:40 Fortified Wall
50:49 Chain Mail Armor
50:59 Caravan
56:04 Man-at-Arms
60:01 Long Swordsman
63:27 Light Cavalry
66:18 Fervor
68:24 Block Printing
OdenKuttan
0:55 Loom
15:32 Feudal Age
21:47 Wheelbarrow
25:14 Castle Age
25:40 Double-Bit Axe
25:40 Horse Collar
25:55 Stone Mining
26:14 Gold Mining
27:31 Heavy Plow
27:46 Bow Saw
29:10 Fletching
33:56 Masonry
33:54 Murder Holes
34:31 Ballistics
34:38 Forging
34:28 Scale Mail Armor
34:25 Bodkin Arrow
41:08 Stone Shaft Mining
43:10 Imperial Age
40:57 Hand Cart
40:28 Town Watch
43:58 Perfusion
44:19 Conscription
45:06 Chemistry
44:37 Architecture
44:17 Pikeman
44:58 Squires
45:05 Squires
44:27 Man-at-Arms
44:33 Man-at-Arms
45:30 Chain Mail Armor
45:53 Iron Casting
45:41 Anarchy
45:30 Elite Huskarl
47:38 Guilds
46:56 Halberdier
47:02 Long Swordsman
48:50 Elite Skirmisher
50:38 Caravan
51:56 Blast Furnace
51:04 Padded Archer Armor
51:25 Bracer
51:33 Bracer
53:47 Capped Ram
56:38 Leather Archer Armor
56:45 Two-Handed Swordsman
57:14 Champion
59:52 Ring Archer Armor
60:31 Two-Man Saw
60:06 Crop Rotation
70:20 Onager
Connection lost

Rejoining the realm…

Still unreachable

The connection could not be restored.

Session expired

The server has moved on; the page needs a fresh start.